[Event "Titled Tuesday Blitz May 2 Early 2023"]
[White "Balague Camps, Marc"]
[Black "Kozelov, Roman"]
[WhiteFideId "2297914"]
[BlackFideId "14133377"]
[WhiteElo "2089"]
[BlackElo "2149"]
[Result "0-1"]
[Round "07"]
[TimeControl "180+2"]
[Date "2023.05.03"]
[WhiteClock "0:00:00"]
[BlackClock "0:00:00"]

1. d4 d5 2. c4 e5 3. dxe5 d4 4. a3 Nc6 5. Nf3 Bg4 6. Bf4 Nge7 7. Qa4 Ng6 8. Bg3 Qd7 9. h3 Bxf3 10. exf3 Ngxe5 11. Nd2 a6 12. Be2 O-O-O 13. O-O d3 14. Bd1 h5 15. b4 f6 16. b5 Nb8 17. Qb3 Bc5 18. bxa6 Nxa6 19. Rb1 Bb6 20. Ne4 Qd4 21. c5 Nxc5 22. Nxc5 Qxc5 23. Qa4 Kb8 24. Kh1 g5 25. Rb5 Qd4 26. Qb3 g4 27. Bxe5 fxe5 28. fxg4 hxg4 29. Rb4 Qd5 30. Bxg4 Qxb3 31. Rxb3 Rhf8 32. Bf3 Rd4 33. Rb4 Rxb4 34. axb4 Rf4 35. Rd1 e4 36. Bg4 Rxf2 37. h4 d2 38. Kh2 e3 39. Kg3 c6 40. h5 Bc7+ 41. Kh4 Bf4 42. g3 Bh6 43. Kh3 e2 44. Bxe2 Rxe2 45. Kg4 Re1 46. Rxd2 Bxd2 47. Kf5 Rg1 48. g4 Kc7 0-1


[Site "https://www.chess.com"]

[Event "Titled Tuesday Blitz May 2 Early 2023"]
[White "Ansh M Shah"]
[Black "Shvedova, Alexandra"]
[WhiteFideId "25033379"]
[BlackFideId "54154782"]
[WhiteElo "2084"]
[BlackElo "2057"]
[Result "0-1"]
[Round "07"]
[TimeControl "180+2"]
[Date "2023.05.03"]
[WhiteClock "0:00:01"]
[BlackClock "0:00:01"]

1. d4 Nf6 2. c4 e6 3. g3 d5 4. Bg2 dxc4 5. Nf3 Nc6 6. O-O Rb8 7. Nc3 b5 8. a3 Be7 9. e4 O-O 10. d5 exd5 11. exd5 Na5 12. Bf4 Nb3 13. Ra2 a6 14. Nd4 Nxd4 15. Qxd4 Bb7 16. Rd1 Qd7 17. Raa1 Rbd8 18. Qa7 Qc8 19. d6 Bxg2 20. dxe7 Rxd1+ 21. Rxd1 Re8 22. Kxg2 Rxe7 23. Qb7 Qxb7+ 0-1


[Site "https://www.chess.com"]

[Event "Titled Tuesday Blitz May 2 Early 2023"]
[White "Napoli, Nicolo"]
[Black "Devaev, Alexander"]
[WhiteFideId "813702"]
[BlackFideId "4169395"]
[WhiteElo "2308"]
[BlackElo "2204"]
[Result "0-1"]
[Round "07"]
[TimeControl "180+2"]
[Date "2023.05.03"]
[WhiteClock "0:00:00"]
[BlackClock "0:00:00"]

1. e4 c6 2. d4 d5 3. Nc3 dxe4 4. Nxe4 Bf5 5. Ng3 Bg6 6. h4 h6 7. Nh3 e6 8. Nf4 Bh7 9. Bc4 Nf6 10. c3 Bd6 11. Ngh5 Bxf4 12. Bxf4 Nxh5 13. Qxh5 Bg6 14. Qg4 h5 15. Qg3 Qb6 16. Bxb8 Qxb2 17. O-O O-O 18. Be5 b5 19. Bxe6 Kh7 20. Bf5 Rae8 21. Qg5 Bxf5 22. Qxh5+ Kg8 23. Qxf5 f6 24. Bd6 Rf7 25. Qg6 Qxc3 26. Bc5 a5 27. Rac1 Qd2 28. Bb6 Re6 29. Qf5 Rfe7 30. Qf3 Qxa2 31. Rxc6 b4 32. Rxe6 Rxe6 33. Qa8+ Kh7 34. d5 Rxb6 35. Qe8 Qxd5 36. h5 Qg5 37. Re1 Rb5 38. Re7 Qc1+ 39. Kh2 Qg5 40. h6 Qxh6+ 41. Kg1 Qg5 42. Rf7 Qc1+ 43. Kh2 Rh5+ 44. Kg3 Qg5+ 45. Kf3 Qd5+ 46. Ke2 Re5+ 47. Qxe5 Qxe5+ 48. Kf3 Qc3+ 49. Kg4 Qc4+ 50. Kh3 Qxf7 51. f4 b3 52. g4 b2 53. f5 b1=Q 54. g5 Qxf5+ 55. Kh4 fxg5+ 56. Kg3 Qb3+ 57. Kg2 Qfc2+ 58. Kh1 Qbb1# 0-1


[Site "https://www.chess.com"]

[Event "Titled Tuesday Blitz May 2 Early 2023"]
[White "Panda Sambit"]
[Black "Pandey Srishti"]
[WhiteFideId "25091794"]
[BlackFideId "35093290"]
[WhiteElo "2272"]
[BlackElo "2083"]
[Result "0-1"]
[Round "07"]
[TimeControl "180+2"]
[Date "2023.05.03"]
[WhiteClock "0:00:00"]
[BlackClock "0:00:00"]

1. Nf3 d5 2. e3 Nf6 3. c4 dxc4 4. Bxc4 a6 5. d4 e6 6. O-O c5 7. Qe2 b5 8. Bd3 Bb7 9. dxc5 Bxc5 10. Bxb5+ axb5 11. Qxb5+ Qd7 12. Qxc5 Bxf3 13. gxf3 Na6 14. Qg5 h6 15. Qg3 Nb4 16. Na3 O-O 17. b3 Ra5 18. f4 Nd3 19. Rd1 Nxc1 20. Raxc1 Qb7 21. Nc4 Rxa2 22. Rb1 Ne4 23. Nd6 Nxd6 24. Rxd6 Rc8 25. f5 exf5 26. Rbd1 Qxb3 27. Rd8+ Rxd8 28. Rxd8+ Kh7 29. Qf4 Qb1+ 30. Kg2 Ra1 31. Qf3 Qh1+ 32. Kg3 Rg1+ 33. Kf4 Qxh2+ 34. Kxf5 g6+ 35. Ke4 Qh4+ 36. Qf4 f5+ 0-1


[Site "https://www.chess.com"]

[Event "Titled Tuesday Blitz May 2 Early 2023"]
[White "Kubatko, Ivan"]
[Black "Buchenau, Frank"]
[WhiteFideId "24111473"]
[BlackFideId "4604350"]
[WhiteElo "2285"]
[BlackElo "2157"]
[Result "0-1"]
[Round "07"]
[TimeControl "180+2"]
[Date "2023.05.03"]
[WhiteClock "0:00:00"]
[BlackClock "0:00:00"]

1. e4 e6 2. d4 d5 3. exd5 exd5 4. Nf3 Bf5 5. c4 Bxb1 6. Rxb1 Bb4+ 7. Bd2 Bxd2+ 8. Qxd2 Nf6 9. Bd3 dxc4 10. Bxc4 O-O 11. O-O Nc6 12. Rbd1 Qd6 13. Qg5 h6 14. Qh4 Rfe8 15. Rfe1 Rxe1+ 16. Rxe1 Rd8 17. Ne5 Qxd4 18. Qxd4 Rxd4 19. Bxf7+ Kf8 20. Nxc6 bxc6 21. Bg6 Rd2 22. g4 Rxb2 23. f4 Rb8 24. g5 Nd5 25. gxh6 gxh6 26. f5 Kg7 27. h4 Rb2 28. h5 Rxa2 29. Re6 a5 30. Rxc6 a4 31. Rc5 Rd2 32. Ra5 Rd4 33. Be8 Kf6 34. Rxa4 Rxa4 35. Bxa4 Kxf5 36. Kg2 Nf4+ 37. Kg3 Nxh5+ 38. Kh4 Nf6 39. Bc2+ Ke5 40. Bb3 c5 41. Bf7 Kd4 42. Kg3 Nd5 43. Kf3 c4 44. Bg6 c3 45. Kg4 Nf6+ 46. Kf4 Kc4 47. Bf7+ Kd4 48. Bg6 Nd5+ 49. Kg4 Nb4 50. Kh5 Nd3 0-1


[Site "https://www.chess.com"]

[Event "Titled Tuesday Blitz May 2 Early 2023"]
[White "Kostiukov, Alexandr"]
[Black "Rios Escobar, Adan"]
[WhiteFideId "14108100"]
[BlackFideId "3403645"]
[WhiteElo "2202"]
[BlackElo "2234"]
[Result "0-1"]
[Round "07"]
[TimeControl "180+2"]
[Date "2023.05.03"]
[WhiteClock "0:00:00"]
[BlackClock "0:00:00"]

1. g3 Nf6 2. Bg2 g6 3. Nf3 Bg7 4. O-O O-O 5. d4 d5 6. c4 c6 7. Qb3 Qb6 8. Nc3 dxc4 9. Qxc4 Be6 10. Qa4 Qa6 11. Qb4 Nd5 12. Nxd5 Bxd5 13. Qxe7 Be6 14. e4 Nd7 15. Be3 Rfe8 16. Qh4 Bc4 17. Rfe1 Nf6 18. Nd2 Bd3 19. Bg5 Nd7 20. e5 c5 21. Nb3 cxd4 22. Qxd4 Nxe5 23. Nc5 Nf3+ 0-1


[Site "https://www.chess.com"]

[Event "Titled Tuesday Blitz May 2 Early 2023"]
[White "Zaichenko, Daria"]
[Black "Chirivi C, Jenny Astrid"]
[WhiteFideId "4197453"]
[BlackFideId "4403061"]
[WhiteElo "2039"]
[BlackElo "2001"]
[Result "1-0"]
[Round "07"]
[TimeControl "180+2"]
[Date "2023.05.03"]
[WhiteClock "0:00:00"]
[BlackClock "0:00:00"]

1. e4 c5 2. Nf3 e6 3. d4 cxd4 4. Nxd4 a6 5. Nc3 Qc7 6. Be3 Nf6 7. Bd3 Nc6 8. O-O h5 9. a4 b6 10. Nb3 Na5 11. Nxa5 bxa5 12. f4 Rb8 13. Rb1 Bb4 14. Bd4 d6 15. Kh1 Bc5 16. Be2 Bb7 17. e5 Bxd4 18. Qxd4 dxe5 19. fxe5 Nd7 20. Qf4 Nxe5 21. Rbe1 f6 22. Bd3 Rc8 23. Bg6+ Nxg6 24. Rxe6+ Ne7 25. Qf5 O-O 26. Qxh5 Qd7 27. Re3 Qc6 28. Rff3 Nd5 29. Rd3 Nxc3 30. Rxc3 Qd5 31. Qxd5+ Bxd5 32. Rfd3 Rxc3 33. Rxc3 Re8 34. h3 Re1+ 35. Kh2 Re2 36. Kg3 Rxg2+ 37. Kf4 Re2 38. Rc5 Be6 39. Rxa5 Rxc2 40. Rxa6 Bxh3 41. b4 Rc4+ 42. Kg3 Bf1 43. b5 Rc3+ 44. Kf2 Bc4 45. Ra8+ Kf7 46. b6 Rb3 47. a5 f5 48. Rc8 Bd5 49. Rc7+ Kf6 50. Rc8 Be4 51. Rb8 g5 52. a6 g4 53. a7 Rb2+ 54. Ke3 Kg5 55. b7 Rb3+ 56. Kd4 g3 57. a8=Q Rb4+ 58. Kc5 Rb1 59. Rg8+ Kf4 60. Qb8+ Ke3 61. Qxg3+ Bf3 62. Re8+ Kd2 63. Qxf3 Rc1+ 64. Kd4 Kc2 65. Qf2+ Kb3 66. Qe3+ Kb2 67. Qd2+ Rc2 68. Qb4+ Ka2 69. Ra8# 1-0


[Site "https://www.chess.com"]

[Event "Titled Tuesday Blitz May 2 Early 2023"]
[White "Zaitsev, Alexander"]
[Black "Sanhueza, Cristian"]
[WhiteFideId "4164490"]
[BlackFideId "116815"]
[WhiteElo "2373"]
[BlackElo "2219"]
[Result "1-0"]
[Round "07"]
[TimeControl "180+2"]
[Date "2023.05.03"]
[WhiteClock "0:00:00"]
[BlackClock "0:00:00"]

1. e4 e5 2. Nc3 Nc6 3. Bc4 Nf6 4. d3 Na5 5. Nge2 Nxc4 6. dxc4 Bc5 7. O-O h6 8. Qd3 c6 9. Be3 Qe7 10. Rad1 d6 11. Bxc5 dxc5 12. Ng3 O-O 13. Rd2 Be6 14. Rfd1 g6 15. b3 Rac8 16. h3 Rc7 17. Qe3 Kg7 18. Rd6 b6 19. Nce2 Rd7 20. Rxd7 Nxd7 21. f4 exf4 22. Nxf4 Ne5 23. Qc3 f6 24. Qd2 Bf7 25. Qd6 Re8 26. Nfh5+ gxh5 27. Nf5+ Kf8 28. Nxe7 Rxe7 29. Qxf6 Ng6 30. Rd8+ Re8 31. Rxe8+ Kxe8 32. e5 1-0


[Site "https://www.chess.com"]

[Event "Titled Tuesday Blitz May 2 Early 2023"]
[White "Hinds, Nathan"]
[Black "Koridze, Lile"]
[WhiteFideId "7400730"]
[BlackFideId "13612514"]
[WhiteElo "2001"]
[BlackElo "2047"]
[Result "0-1"]
[Round "07"]
[TimeControl "180+2"]
[Date "2023.05.03"]
[WhiteClock "0:00:00"]
[BlackClock "0:00:00"]

1. Nf3 Nf6 2. c4 e6 3. g3 d5 4. Bg2 d4 5. O-O c5 6. b4 cxb4 7. Bb2 Nc6 8. a3 bxa3 9. Bxa3 Bxa3 10. Nxa3 O-O 11. d3 e5 12. Qb3 Qe7 13. Rfb1 Nd7 14. Qb2 Nc5 15. Nd2 Na4 16. Qc2 Nc3 17. Re1 Bg4 18. Bf3 Bxf3 19. Nxf3 a6 20. Nb1 Nb4 21. Qb3 Nxb1 22. Rexb1 a5 23. Ne1 e4 24. Nc2 Nxc2 25. Qxc2 exd3 26. exd3 Rfd8 27. Rb5 Qc7 28. Qa4 b6 29. Rab1 Rd6 30. Qa3 h6 31. c5 bxc5 32. Rxc5 Qd8 33. Rbb5 a4 34. Rb4 Qd7 35. Rcc4 Re8 36. Rc1 Re2 37. Qxa4 Qe6 38. Qa8+ Kh7 39. Qf3 Re1+ 40. Rxe1 Qxe1+ 41. Kg2 Qxb4 42. Qf5+ Rg6 43. h4 Qb7+ 44. Kh2 Kg8 45. Qe5 Rf6 46. f4 Qd7 47. Qb8+ Kh7 48. Qe5 Re6 49. Qf5+ g6 50. Qc5 Re2+ 51. Kg1 Qg4 52. Qf5 Qxg3+ 0-1


[Site "https://www.chess.com"]

[Event "Titled Tuesday Blitz May 2 Early 2023"]
[White "Kohler, Aran"]
[Black "Tymrakiewicz, Rafal"]
[WhiteFideId "1002856"]
[BlackFideId "1108832"]
[WhiteElo "2010"]
[BlackElo "2151"]
[Result "1/2-1/2"]
[Round "07"]
[TimeControl "180+2"]
[Date "2023.05.03"]
[WhiteClock "0:00:00"]
[BlackClock "0:00:00"]

1. d4 d5 2. Nf3 Bf5 3. c4 e6 4. Nc3 c6 5. Qb3 Qb6 6. c5 Qc7 7. g3 h6 8. Bf4 Qc8 9. Bg2 Nd7 10. Rc1 g5 11. Bd2 Bg7 12. e3 Ngf6 13. O-O Ne4 14. Nxe4 Bxe4 15. Ne1 Bxg2 16. Kxg2 g4 17. f4 gxf3+ 18. Nxf3 f5 19. Nh4 O-O 20. Qc2 Nf6 21. b4 a6 22. a4 Ne4 23. Be1 Qe8 24. Qe2 Bf6 25. Nf3 Rf7 26. Ne5 Rg7 27. Nd3 Bg5 28. Nf4 Bxf4 29. Rxf4 Kh7 30. Kh1 Qd7 31. Rb1 Rag8 32. Rh4 Rg4 33. Rxg4 fxg4 34. b5 axb5 35. axb5 Rf8 36. bxc6 bxc6 37. Qa6 Rf7 38. Kg2 e5 39. Rb6 Qf5 40. Rxc6 Qf3+ 41. Kg1 Qxe3+ 42. Kg2 exd4 43. Re6 Rf2+ 44. Bxf2 Qxf2+ 45. Kh1 Qf3+ 46. Kg1 Qf2+ 47. Kh1 Qe1+ 48. Kg2 Qd2+ 49. Kg1 Qe3+ 50. Kg2 Qd2+ 51. Kg1 Qe3+ 52. Kg2 Qf2+ 53. Kh1 1/2-1/2


[Site "https://www.chess.com"]

[Event "Titled Tuesday Blitz May 2 Early 2023"]
[White "Wessendorf, Thomas, Dr."]
[Black "Marcziter, Dmitrii"]
[WhiteFideId "4604270"]
[BlackFideId "13900765"]
[WhiteElo "2280"]
[BlackElo "2162"]
[Result "0-1"]
[Round "07"]
[TimeControl "180+2"]
[Date "2023.05.03"]
[WhiteClock "0:00:01"]
[BlackClock "0:00:01"]

1. e4 c5 2. Nf3 a6 3. c3 d5 4. exd5 Qxd5 5. d4 Nf6 6. Bd3 Bg4 7. Nbd2 cxd4 8. cxd4 e6 9. O-O Nc6 10. Qa4 b5 11. Qb3 Be7 12. Re1 O-O 13. Ne4 Qxb3 14. axb3 Bxf3 15. gxf3 Nxd4 0-1


[Site "https://www.chess.com"]

[Event "Titled Tuesday Blitz May 2 Early 2023"]
[White "Jiganchine, Roman"]
[Black "Shubenkova, Veronika"]
[WhiteFideId "2603667"]
[BlackFideId "44124040"]
[WhiteElo "2205"]
[BlackElo "2027"]
[Result "1/2-1/2"]
[Round "07"]
[TimeControl "180+2"]
[Date "2023.05.03"]
[WhiteClock "0:00:00"]
[BlackClock "0:00:00"]

1. e4 e6 2. d4 d5 3. Nd2 Nf6 4. Bd3 Be7 5. Ngf3 c5 6. c3 Nc6 7. O-O Qb6 8. exd5 Nxd5 9. dxc5 Bxc5 10. Nb3 Be7 11. Qe2 O-O 12. Qe4 Nf6 13. Qh4 Rd8 14. Bc2 e5 15. Bg5 h6 16. Bxh6 gxh6 17. Qxh6 e4 18. Ng5 Bf5 19. Rae1 Ne5 20. Nd4 Bg6 21. Nxe4 Nxe4 22. Bxe4 Bxe4 23. Qxb6 axb6 24. Rxe4 Bf6 25. a3 Nd3 26. b4 Re8 27. Rg4+ Kf8 28. Rd1 Nb2 29. Rf1 Rxa3 30. h4 Bxd4 31. Rxd4 Rxc3 32. Rd7 Rc4 33. Rxb7 Rxb4 34. h5 Nd3 35. Rd1 Nf4 36. h6 Ne2+ 37. Kf1 Nc3 38. Rc1 Nd5 39. g3 Rb2 40. Rd1 Nf6 41. Rd6 Rxf2+ 42. Kxf2 Ne4+ 43. Kf3 Nxd6 44. Rxb6 Nc4 45. Ra6 Ne5+ 46. Kf4 Kg8 47. Ra5 Ng6+ 48. Kg5 Re5+ 49. Rxe5 Nxe5 50. Kf6 Nd7+ 51. Ke7 Nf8 52. Kf6 Nh7+ 53. Kf5 Kf8 54. g4 Kg8 55. g5 Nf8 56. Kf6 Ng6 57. Kf5 Kf8 58. Kf6 Ke8 59. Kg7 Ke7 60. h7 Ke6 61. h8=Q Nxh8 62. Kxh8 Kf5 63. Kg7 Kxg5 64. Kxf7 1/2-1/2


[Site "https://www.chess.com"]

[Event "Titled Tuesday Blitz May 2 Early 2023"]
[White "Bashkansky, Ethan"]
[Black "Levitan, Caleb Levi"]
[WhiteFideId "2071533"]
[BlackFideId "14332620"]
[WhiteElo "2101"]
[BlackElo "1963"]
[Result "1-0"]
[Round "07"]
[TimeControl "180+2"]
[Date "2023.05.03"]
[WhiteClock "0:00:00"]
[BlackClock "0:00:00"]

1. d4 d5 2. c4 e6 3. Nc3 a6 4. cxd5 exd5 5. Bf4 Nf6 6. e3 c5 7. Bd3 Nc6 8. Nge2 Be7 9. O-O O-O 10. b3 b5 11. dxc5 Bxc5 12. Rc1 Ba3 13. Rb1 Be6 14. Bg5 h6 15. Bh4 Bd6 16. Kh1 Ne5 17. Nd4 Nxd3 18. Qxd3 Be5 19. f4 Bxd4 20. Qxd4 b4 21. Qxb4 Bf5 22. Rbc1 Qd7 23. Bxf6 gxf6 24. Qd4 Kg7 25. Nxd5 Qe6 26. Nc7 Qc8 27. Nxa8 Qxa8 28. Rfd1 1-0


[Site "https://www.chess.com"]

[Event "Titled Tuesday Blitz May 2 Early 2023"]
[White "Andrews, Todd"]
[Black "Ramadoss, Ashokkumar"]
[WhiteFideId "2012456"]
[BlackFideId "5040990"]
[WhiteElo "2217"]
[BlackElo "2110"]
[Result "1-0"]
[Round "07"]
[TimeControl "180+2"]
[Date "2023.05.03"]
[WhiteClock "0:00:00"]
[BlackClock "0:00:00"]

1. e4 e6 2. d4 d5 3. Nc3 Bb4 4. e5 c5 5. Bd2 cxd4 6. Nb5 Bf8 7. f4 Nc6 8. Nf3 a6 9. Nbxd4 Nge7 10. Bd3 Nxd4 11. Nxd4 Nc6 12. Nf3 Bc5 13. Qe2 Bd7 14. O-O-O Qc7 15. Kb1 h6 16. g4 O-O-O 17. f5 Kb8 18. h4 h5 19. fxe6 Bxe6 20. gxh5 Rxh5 21. Ng5 Rdh8 22. Nxe6 fxe6 23. Qg4 Qd7 24. Bf4 Ka8 25. Bg6 Nxe5 26. Bxe5 Rxe5 27. h5 Qb5 28. Rhe1 Ba3 29. b3 Rxe1 30. Rxe1 Qc5 31. Qf3 Bb4 32. Rxe6 Bc3 33. Qe3 Bd4 34. Re8+ Rxe8 35. Qxe8+ Ka7 36. Qe1 Bc3 37. Qd1 d4 38. Qf1 Qg5 39. Qd1 Qc5 40. Qf1 Qa3 41. Qc1 Qc5 42. a3 a5 43. Ka2 a4 44. Qb1 Qd5 45. Qd1 b5 46. Qd3 b4 47. axb4 axb3+ 48. cxb3 Qg2+ 49. Qc2 Qxc2+ 50. Bxc2 Bxb4 51. Bd3 Kb6 52. Kb2 Kc5 53. Kc2 Bc3 54. Bg6 Kd6 55. Kd3 Ke5 56. Kc4 Kf6 57. b4 Ke5 58. b5 Be1 59. Kc5 d3 60. Bxd3 Bf2+ 61. Kc6 Kf6 62. Bg6 Ke7 63. b6 Bxb6 64. Kxb6 Kf6 65. Kc7 Kg5 66. Kd7 Kh6 67. Ke7 Kg5 68. Kf7 Kh6 69. Kg8 Kg5 70. Kxg7 Kh4 71. h6 1-0


[Site "https://www.chess.com"]

[Event "Titled Tuesday Blitz May 2 Early 2023"]
[White "Wimalasuriya, Kasun M."]
[Black "Myers, Dominique"]
[WhiteFideId "9906789"]
[BlackFideId "2041715"]
[WhiteElo "1781"]
[BlackElo "1934"]
[Result "0-1"]
[Round "07"]
[TimeControl "180+2"]
[Date "2023.05.03"]
[WhiteClock "0:00:01"]
[BlackClock "0:00:01"]

1. d4 Nf6 2. c4 c5 3. d5 b5 4. cxb5 a6 5. b6 Bb7 6. Nc3 e6 7. e4 exd5 8. exd5 d6 9. Bg5 Be7 10. Nf3 O-O 11. Bxf6 Bxf6 12. Nd2 Nd7 13. Be2 Nxb6 14. Nde4 Re8 15. O-O Bd4 16. Bf3 Nxd5 17. Qb3 Nb6 18. Rad1 Rb8 19. Ne2 Bd5 20. Qd3 Bc4 21. Qd2 Bxe2 22. Qxe2 d5 0-1


[Site "https://www.chess.com"]

[Event "Titled Tuesday Blitz May 2 Early 2023"]
[White "Acikel, Mert"]
[Black "Belenkaya, Dina"]
[WhiteFideId "12956465"]
[BlackFideId "24142654"]
[WhiteElo "2097"]
[BlackElo "2208"]
[Result "0-1"]
[Round "07"]
[TimeControl "180+2"]
[Date "2023.05.03"]
[WhiteClock "0:00:00"]
[BlackClock "0:00:00"]

1. e4 c5 2. Nf3 g6 3. c3 Bg7 4. d4 cxd4 5. cxd4 d5 6. e5 Nc6 7. h3 Nh6 8. Bb5 O-O 9. O-O a6 10. Bxc6 bxc6 11. b3 a5 12. Ba3 Re8 13. Nbd2 Nf5 14. Rc1 Ba6 15. Re1 Bb5 16. Nb1 a4 17. Nc3 Bh6 18. Ra1 axb3 19. Nxb5 b2 20. Bxb2 cxb5 21. Qb3 Qd7 22. e6 fxe6 23. Ne5 Qb7 24. a4 b4 25. a5 Rec8 26. Nd3 Bd2 27. Rxe6 Bc3 28. Nc5 Rxc5 29. dxc5 Nd4 30. Rxe7 Nxb3 0-1


[Site "https://www.chess.com"]

[Event "Titled Tuesday Blitz May 2 Early 2023"]
[White "Cueto, Jonny"]
[Black "Fernandez Siles, Luis"]
[WhiteFideId "3300145"]
[BlackFideId "2209420"]
[WhiteElo "2234"]
[BlackElo "2195"]
[Result "1-0"]
[Round "07"]
[TimeControl "180+2"]
[Date "2023.05.03"]
[WhiteClock "0:00:00"]
[BlackClock "0:00:00"]

1. d4 Nf6 2. Bf4 d6 3. Nc3 Nbd7 4. Nf3 Nh5 5. Bg5 h6 6. Bh4 g5 7. Bg3 Bg7 8. e3 e6 9. Be2 Qe7 10. Qd2 b6 11. O-O-O Bb7 12. Kb1 O-O-O 13. Nb5 Kb8 14. Qc3 Ndf6 15. Qa3 a6 16. Nc3 Nxg3 17. hxg3 a5 18. Nd2 Bxg2 19. Rhg1 Bb7 20. Ka1 Nd5 21. Nb5 c6 22. Nc3 Nb4 23. Rc1 d5 24. Na4 Kc7 25. c3 b5 26. Nc5 Bf8 27. Qxa5+ Kc8 28. cxb4 Qc7 29. Qxc7+ Kxc7 30. Nxb7 Kxb7 31. a3 f5 32. Kb1 Bg7 33. Nb3 Kc7 34. Nc5 Rhe8 35. Na6+ Kd6 36. Nc5 e5 37. Nb7+ Kc7 38. Nxd8 Kxd8 39. Rxc6 exd4 40. Bxb5 dxe3 41. Rd6+ Kc7 42. Bxe8 Kxd6 43. fxe3 Be5 44. Ba4 h5 45. Bc2 Ke6 46. b5 h4 47. gxh4 gxh4 48. a4 h3 49. a5 h2 50. Rh1 Kf6 51. b6 d4 52. exd4 1-0


[Site "https://www.chess.com"]

[Event "Titled Tuesday Blitz May 2 Early 2023"]
[White "James, Stuart"]
[Black "Vaglio Munoz, Jaime"]
[WhiteFideId "7400489"]
[BlackFideId "6500145"]
[WhiteElo "1950"]
[BlackElo "2199"]
[Result "0-1"]
[Round "07"]
[TimeControl "180+2"]
[Date "2023.05.03"]
[WhiteClock "0:00:00"]
[BlackClock "0:00:00"]

1. e4 e6 2. d4 d5 3. Nd2 dxe4 4. Nxe4 Nf6 5. Bg5 Be7 6. Bxf6 gxf6 7. g3 Bd7 8. Bg2 Bc6 9. f3 f5 10. Nc3 Bf6 11. Nge2 h5 12. d5 exd5 13. Nd4 Qe7+ 14. Kf2 Qc5 15. Ne2 Bb5 16. c3 Nc6 17. Re1 Kf8 18. b4 Bxe2 19. bxc5 Bxd1 20. Raxd1 Nxd4 21. cxd4 f4 22. Ke2 a5 23. Kd3 a4 24. Rb1 Ra7 25. gxf4 a3 26. Rb4 Kg7 27. Reb1 Rb8 28. c6 b6 29. f5 Bg5 30. f4 Bxf4 31. Bxd5 Bxh2 32. Rh1 Bd6 33. Rxh5 Bxb4 0-1


[Site "https://www.chess.com"]

[Event "Titled Tuesday Blitz May 2 Early 2023"]
[White "Smith, Shreyas"]
[Black "Matveeva, Olga"]
[WhiteFideId "7400713"]
[BlackFideId "24107018"]
[WhiteElo "2151"]
[BlackElo "2056"]
[Result "1-0"]
[Round "07"]
[TimeControl "180+2"]
[Date "2023.05.03"]
[WhiteClock "0:00:00"]
[BlackClock "0:00:00"]

1. e4 e6 2. d4 d5 3. e5 c5 4. c3 Nc6 5. Nf3 Qb6 6. Bd3 Bd7 7. O-O cxd4 8. cxd4 Nxd4 9. Nbd2 Ne7 10. Nxd4 Qxd4 11. Nf3 Qb6 12. Be3 Qd8 13. Bc5 Nc6 14. Bxf8 Kxf8 15. Qd2 Kg8 16. h4 h5 17. Qf4 Qe7 18. a3 Rf8 19. Rfe1 f6 20. Qg3 f5 21. Ng5 g6 22. Rac1 Kg7 23. f4 Rc8 24. Be2 Nd4 25. Rxc8 Nxe2+ 26. Rxe2 Rxc8 27. Kh2 Qc5 28. Re3 Qc2 29. Rb3 b6 30. Rb4 Qd2 31. Nf3 Qd1 32. Qg5 Re8 33. Qf6+ Kh6 34. Qf7 Bc6 35. Ng5 Rh8 36. Qf6 Rc8 37. Nxe6 Rg8 38. Qf7 d4 39. Qxg8 1-0


[Site "https://www.chess.com"]

[Event "Titled Tuesday Blitz May 2 Early 2023"]
[White "Cramling Bellon, Anna"]
[Black "Omariev, Maksim"]
[WhiteFideId "32009232"]
[BlackFideId "4193423"]
[WhiteElo "1972"]
[BlackElo "2304"]
[Result "1-0"]
[Round "07"]
[TimeControl "180+2"]
[Date "2023.05.03"]
[WhiteClock "0:00:00"]
[BlackClock "0:00:00"]

1. d4 h5 2. c4 h4 3. h3 d6 4. e4 e5 5. d5 a5 6. Nf3 Na6 7. Nc3 Nc5 8. Be3 b6 9. Be2 Be7 10. Qc2 Nf6 11. a3 Bd7 12. O-O a4 13. Nd2 Nh5 14. Bxh5 Rxh5 15. f4 exf4 16. Bxf4 Bg5 17. Qd1 Rh6 18. Bxg5 Qxg5 19. Nf3 Qg3 20. Qe1 Rg6 21. Nxh4 Qxe1 22. Raxe1 Rg3 23. Nf5 Bxf5 24. exf5+ Kd7 25. f6 g6 26. Re7+ Kc8 27. Nb5 Na6 28. Rxf7 Rb3 29. Re1 Kb7 30. Nxd6+ Ka7 31. Nb5+ Kb7 32. Ree7 Rh8 33. Nxc7 Nxc7 34. Rxc7+ Ka8 35. Ra7+ Kb8 36. Rfb7+ Kc8 37. Ra8+ Kxb7 38. Rxh8 Rxb2 39. f7 Rb1+ 40. Kf2 Rb2+ 41. Kg3 Rb3+ 42. Kg4 Rxa3 43. f8=Q b5 44. Qc8+ Kb6 45. Qc6+ Ka5 46. Qxb5# 1-0


[Site "https://www.chess.com"]

[Event "Titled Tuesday Blitz May 2 Early 2023"]
[White "Amitpal, Singh"]
[Black "Topalov, Aleksandar"]
[WhiteFideId "5012899"]
[BlackFideId "925659"]
[WhiteElo "2107"]
[BlackElo "2151"]
[Result "0-1"]
[Round "07"]
[TimeControl "180+2"]
[Date "2023.05.03"]
[WhiteClock "0:00:00"]
[BlackClock "0:00:00"]

1. e4 e6 2. d3 d5 3. Nd2 c5 4. Ngf3 Nc6 5. g3 Nf6 6. Bg2 Be7 7. O-O O-O 8. e5 Nd7 9. Re1 b5 10. Nf1 b4 11. h4 a5 12. Bf4 Ba6 13. N1h2 a4 14. a3 Bb5 15. Ng5 Qe8 16. Qg4 Nd4 17. Rac1 b3 18. c3 Nc2 19. Red1 Rc8 20. Qe2 Nb6 21. Rxc2 bxc2 22. Qxc2 Nd7 23. Ng4 Bc6 24. d4 Bxg5 25. hxg5 cxd4 26. cxd4 Bb5 27. Qb1 Nb6 28. Kh2 Qc6 29. Rh1 Qc2 30. Qe1 Qe2 31. Qb4 Qxg4 32. Qxb5 Nc4 33. Qxa4 Qe2 34. b3 Nd2 35. Be3 Rc3 36. Qb4 Rc2 37. Rg1 Qh5+ 38. Bh3 Nf3+ 39. Kg2 Nxg1 40. Kxg1 Qxh3 0-1


[Site "https://www.chess.com"]

[Event "Titled Tuesday Blitz May 2 Early 2023"]
[White "Sailer, Mike"]
[Black "Novikova, Galina"]
[WhiteFideId "2012901"]
[BlackFideId "4157095"]
[WhiteElo "2109"]
[BlackElo "1953"]
[Result "0-1"]
[Round "07"]
[TimeControl "180+2"]
[Date "2023.05.03"]
[WhiteClock "0:00:00"]
[BlackClock "0:00:00"]

1. d4 Nf6 2. Bg5 Ne4 3. Bf4 d5 4. f3 Nf6 5. Nc3 e6 6. e4 Bb4 7. e5 Nfd7 8. Bd3 c5 9. a3 Ba5 10. dxc5 Bxc3+ 11. bxc3 Nxc5 12. Ne2 Nc6 13. O-O h6 14. Nd4 Nxd4 15. cxd4 Nxd3 16. Qxd3 O-O 17. Rab1 a6 18. Bd2 Bd7 19. Rf2 Bb5 20. Qe3 Rc8 21. Bb4 Re8 22. f4 Ba4 23. c3 Qh4 24. f5 exf5 25. Rxf5 Bc2 26. Rf4 Qxf4 27. Qxf4 Bxb1 28. g4 Be4 29. h4 Re6 30. Kf2 b6 31. Qe3 a5 32. Bd6 Ree8 33. Ke2 Rc6 34. Kd2 Bg6 35. h5 Be4 36. g5 hxg5 37. Qxg5 Kh7 38. h6 gxh6 39. Qf6 Bg6 40. Qf4 Rec8 0-1


[Site "https://www.chess.com"]

[Event "Titled Tuesday Blitz May 2 Early 2023"]
[White "Kopacz, Grzegorz"]
[Black "Larina, Maria"]
[WhiteFideId "1109880"]
[BlackFideId "24113182"]
[WhiteElo "2037"]
[BlackElo "1848"]
[Result "1-0"]
[Round "07"]
[TimeControl "180+2"]
[Date "2023.05.03"]
[WhiteClock "0:00:00"]
[BlackClock "0:00:00"]

1. Nf3 f5 2. d4 Nf6 3. g3 g6 4. Bg2 Bg7 5. O-O O-O 6. c4 d6 7. Nc3 Nc6 8. d5 Na5 9. Qd3 e5 10. e4 fxe4 11. Nxe4 Nxe4 12. Qxe4 Bf5 13. Qe2 Bg4 14. h3 Bxf3 15. Bxf3 Nxc4 16. Bg4 Nb6 17. a4 a5 18. Be3 Kh8 19. Be6 Nd7 20. Rac1 Nf6 21. Qb5 b6 22. Qc6 Ne8 23. h4 Ra7 24. Rc2 Qf6 25. Rfc1 h6 26. Qd7 Qf3 27. Bg4 Qf7 28. h5 g5 29. Be6 Qxh5 30. Rxc7 Nxc7 31. Rxc7 Rxc7 32. Qxc7 Qg6 33. Qxd6 e4 34. Qxb6 Qf6 35. Qxa5 Qf3 36. Qe1 Bxb2 37. a5 Be5 38. a6 h5 39. a7 h4 40. Bxg5 hxg3 41. fxg3 Bxg3 42. Qa1+ Kh7 43. Bf5+ Rxf5 44. Be3 Qxe3+ 45. Kg2 Qf3+ 46. Kh3 Qh5+ 47. Kg2 Rf3 48. Qh8+ Kxh8 49. a8=Q+ Kg7 50. Qb7+ Kg6 51. Qc6+ Kf5 52. Qe6+ Kg5 53. Qe7+ Rf6 54. Qg7+ Kf5 55. Qd7+ Ke5 56. Qc7+ Kf5 57. Qd7+ Kg6 58. Qe8+ Rf7 59. Qe6+ Rf6 60. Qg8+ Kf5 61. Qc8+ Ke5 62. Qc7+ Kd4 63. Qa7+ 1-0


[Site "https://www.chess.com"]